 Dungeon Crawl Stone Soup version 0.23.0 (webtiles) character file.

Game seed: 3857977108497197874

5035 theswoord the Basher (level 10, -3/98 HPs)
             Began as a Naga Berserker on Feb 11, 2019.
             Was an Elder of Trog.
             Slain by Joseph
             ... wielding a +0 quarterstaff of pain
              (11 damage)
             ... on level 8 of the Dungeon.
             The game lasted 00:17:00 (8215 turns).

theswoord the Basher (Naga Berserker)               Turns: 8215, Time: 00:17:01

Health: -3/98      AC: 12    Str: 19    XL:     10   Next: 55%
Magic:  10/10      EV:  4    Int:  7    God:    Trog [****..]
Gold:   328        SH:  0    Dex: 13    Spells: 9/9 levels left

rFire    . . .     SeeInvis +   a - +0 mace
rCold    . . .     Gourm    .   (no shield)
rNeg     . . .     Faith    .   A - +0 plate armour
rPois    +         Spirit   .   p - +0 helmet
rElec    .         Reflect  .   x - +0 cloak (curse)
rCorr    .         Harm     .   w - +0 pair of gloves
MR       +++..                  (no barding)
Stlth    ..........             (no amulet)
HPRegen  1.26/turn              v - ring of attention (curse)
MPRegen  0.12/turn              l - -2 ring of dexterity (curse)

@: berserk cooldown, regenerating, slowed, very slow
A: large, see invisible, deformed body, poison resistance, slowness 2, slow
metabolism 1, spit poison 1, AC +3
a: Spit Poison, Berserk, Trog's Hand, Brothers in Arms, Renounce Religion


You were on level 8 of the Dungeon.
You worshipped Trog.
Trog was greatly pleased with you.
You were hungry.

You visited 1 branch of the dungeon, and saw 8 of its levels.

You collected 328 gold pieces.

Inventory:

Hand Weapons
 a - a +0 mace (weapon)
Armour
 b - a +0 animal skin
 k - a +1 ring mail
 p - a +0 helmet (worn)
 w - a +0 pair of gloves (worn)
 x - a cursed +0 cloak (worn)
 A - a +0 plate armour (worn)
Jewellery
 h - an uncursed ring of protection from cold
 l - a cursed -2 ring of dexterity (right hand)
 v - a cursed ring of attention (left hand)
 y - an uncursed ring of positive energy {unknown}
 D - an uncursed ring of ice {unknown}
Scrolls
 g - 3 scrolls of immolation
 i - 3 scrolls of enchant armour
 n - a scroll of vulnerability {unknown}
 r - 4 scrolls of fog
 u - a scroll of fear
 B - 2 scrolls of teleportation
Potions
 d - 2 potions of might
 e - 2 potions of berserk rage
 f - 5 potions of lignification
 j - 4 potions of heal wounds
 m - a potion of resistance
 o - a potion of magic
 q - 2 potions of agility
 s - a potion of brilliance
 t - a potion of curing {unknown}
 z - a potion of ambrosia {unknown}
Comestibles
 c - 16 rations
 C - 7 chunks of flesh


   Skills:
 * Level 8.5 Fighting
 - Level 12.0 Maces & Flails
 - Level 1.5 Armour
 - Level 1.5 Dodging
 + Level 8.6 Stealth


You had 9 spell levels left.
You didn't know any spells.
Your spell library was empty.

Dungeon Overview and Level Annotations

Branches:
Dungeon (8/15)             Temple (0/1) D:6
   Lair: D:8-11

Altars:
Cheibriados
Elyvilon
Hepliaklqana
Kikubaaqudgha
Nemelex Xobeh
Qazlal
Uskayaw
The Shining One

Annotations:
D:8 Joseph


Innate Abilities, Weirdness & Mutations

You cannot wear boots.
Your serpentine skin is tough. (AC +3)
You have supernaturally acute eyesight. (SInv)
Armour fits poorly on your strangely shaped body.
Your system is resistant to poisons. (rPois)
You cover ground very slowly.
You have a slow metabolism.
You can spit poison.


Message History

* * * LOW HITPOINT WARNING * * *
The gnoll hits you but does no damage.
You thump Joseph! You closely miss Joseph. Joseph hits you but does no damage.
The gnoll hits you but does no damage.
You closely miss Joseph. You sock Joseph!
Joseph hits you with a +0 quarterstaff of pain.
* * * LOW HITPOINT WARNING * * *
The gnoll hits you from afar with a +0 spear.
* * * LOW HITPOINT WARNING * * *
You sock Joseph! You closely miss Joseph.
You are no longer berserk.
You are exhausted.
You feel yourself slow down.
The gnoll hits you from afar with a +0 spear.
* * * LOW HITPOINT WARNING * * *
Joseph hits you with a +0 quarterstaff of pain!
You die...

. ... )....######
#...gg@@(.# #.#######.# #.
#.# #. #)# ### #. #.# ... #.
#÷# ....####. #.#
..(......#######.#
.[...####......÷.###########


You could see Joseph and 2 gnolls.

Vanquished Creatures
  Maurice (D:8)
  A human (D:7)
  3 yaks (D:8)
  A hungry ghost (D:6)
  4 hogs (D:7)
  2 orc warriors
  3 porcupines (D:8)
  An ice beast (D:4)
  A sky beast (D:5)
  4 phantoms
  3 ogres
  4 centaurs
  3 crocodiles (D:8)
  A bullfrog (D:4)
  3 scorpions
  A water moccasin skeleton (D:6)
  2 howler monkeys
  4 crimson imps
  4 hounds
  A bullfrog skeleton (D:5)
  3 orc priests
  A jelly (D:8)
  2 orc wizards
  Jessica (D:2)
  Terence (D:3)
  3 iguanas
  Natasha (thrice) (D:2)
  6 worker ants
  A hound zombie (D:7)
  2 hound skeletons (D:6)
  2 gnolls (D:8)
  5 adders
  2 shadow imps
  2 adder zombies
  2 adder skeletons
  5 worms
  3 dart slugs
  3 leopard geckos
  15 orcs
  4 bats
  5 giant cockroaches
  7 goblins
  9 hobgoblins
  11 jackals
  3 quokkas
  9 frilled lizards
  14 kobolds
  A quokka skeleton (D:5)
  8 rats
180 creatures vanquished.

Vanquished Creatures (collateral kills)
  A hornet (D:8)
  An ogre (D:8)
  A crocodile (D:8)
  An iguana (D:8)
4 creatures vanquished.

Vanquished Creatures (others)
  5 toadstools (D:1)
5 creatures vanquished.

Grand Total: 189 creatures vanquished

Notes
Turn   | Place    | Note
-------+----------+-------------------------------------------
     0 | D:1      | theswoord the Naga Berserker began the quest for the Orb.
     0 | D:1      | Reached XP level 1. HP: 21/21 MP: 1/1
    29 | D:1      | Reached XP level 2. HP: 4/28 MP: 2/2
   462 | D:1      | Reached skill level 4 in Maces & Flails
   764 | D:1      | Reached XP level 3. HP: 31/34 MP: 3/3
  1002 | D:1      | Reached ** piety under Trog
  1283 | D:2      | Found a white marble altar of Elyvilon.
  1356 | D:2      | Noticed Jessica
  1365 | D:2      | Killed Jessica
  1365 | D:2      | Reached skill level 5 in Maces & Flails
  1365 | D:2      | Reached XP level 4. HP: 32/42 MP: 4/4
  1517 | D:2      | Noticed Natasha
  1525 | D:2      | Killed Natasha
  1694 | D:2      | Noticed Natasha
  1706 | D:2      | Killed Natasha
  1706 | D:2      | Reached XP level 5. HP: 20/49 MP: 5/5
  2019 | D:2      | Noticed Natasha
  2032 | D:2      | Killed Natasha
  2032 | D:2      | Reached skill level 6 in Maces & Flails
  2106 | D:2      | Found a faded altar of an unknown god.
  2648 | D:3      | Noticed Terence
  2658 | D:3      | Killed Terence
  2807 | D:3      | You fall through a shaft for 3 floors!
  2844 | D:6      | Found a hide-covered altar of Uskayaw.
  2846 | D:6      | Noticed a +0 hand axe
  2846 | D:6      | Noticed a phantom
  2846 | D:6      | Noticed a +0 dagger
  2854 | D:6      | Killed a phantom
  2854 | D:6      | Reached skill level 7 in Maces & Flails
  2854 | D:6      | Reached XP level 6. HP: 56/56 MP: 6/6
  3039 | D:6      | Reached *** piety under Trog
  3076 | D:6      | Found a sparkling altar of Nemelex Xobeh.
  3317 | D:6      | Reached XP level 7. HP: 44/62 MP: 7/7
  3593 | D:6      | Reached skill level 8 in Maces & Flails
  3624 | D:6      | Noticed a hungry ghost
  3647 | D:6      | Killed a hungry ghost
  3647 | D:6      | Reached skill level 9 in Maces & Flails
  3688 | D:6      | Reached XP level 8. HP: 50/69 MP: 8/8
  3693 | D:6      | Found a staircase to the Ecumenical Temple.
  3978 | D:5      | Entered Level 5 of the Dungeon
  4260 | D:4      | Reached skill level 10 in Maces & Flails
  5113 | D:4      | Reached skill level 11 in Maces & Flails
  5172 | D:4      | Found a stormy altar of Qazlal.
  5178 | D:4      | Found a glowing golden altar of the Shining One.
  5380 | D:5      | Reached XP level 9. HP: 65/75 MP: 9/9
  5647 | D:5      | Reached **** piety under Trog
  5661 | D:5      | Found a hazy altar of Hepliaklqana.
  6370 | D:7      | Reached skill level 12 in Maces & Flails
  6411 | D:7      | Reached skill level 1 in Stealth
  6558 | D:7      | Found a snail-covered altar of Cheibriados.
  6957 | D:7      | Reached skill level 5 in Fighting
  6965 | D:7      | Reached skill level 5 in Stealth
  6993 | D:7      | Reached XP level 10. HP: 45/92 MP: 10/10
  7333 | D:7      | Found an ancient bone altar of Kikubaaqudgha.
  7518 | D:8      | Reached ***** piety under Trog
  8115 | D:8      | Noticed Maurice
  8135 | D:8      | Killed Maurice
  8191 | D:8      | Noticed Joseph
  8215 | D:8      | Slain by Joseph

Skill      XL: |  1  2  3  4  5  6  7  8  9 10 |
---------------+-------------------------------+-----
Maces & Flails | 4 5 7 9 11 12 | 12.0
Stealth        | 6 8 |  8.6
Fighting       | 6 8 |  8.5
Armour         | |  1.5
Dodging        | |  1.5

Action                   |  1- 3 |  4- 6 |  7- 9 | 10-12 || total
-------------------------+-------+-------+-------+-------++-------
Melee: Mace              |   130 |   189 |   447 |   144 ||   910
Invok: Berserk           |     2 |     4 |    10 |     5 ||    21
       Trog's Hand       |       |       |     1 |     2 ||     3
       Brothers in Arms  |       |       |       |     1 ||     1
 Abil: Spit Poison       |       |     2 |     2 |     3 ||     7
  Use: Scroll            |     4 |     4 |     6 |     3 ||    17
       Potion            |       |       |       |     3 ||     3
  Eat: Chunk             |     2 |     9 |    19 |     6 ||    36
       Ration            |       |       |     2 |     1 ||     3
Armor: Animal skin       |    10 |       |       |       ||    10
       Ring mail         |    24 |    61 |   132 |       ||   217
       Plate armour      |       |       |    20 |    63 ||    83
Dodge: Dodged            |    70 |    77 |   161 |    34 ||   342

Levels and vault maps discovered:
D:1:      ldierk_walled_garden, layout_loops_ring
D:2:      layout_basic, first_ration, chequers_ecumenical_altar_lobes,
          elyvilon_altar_3, uniq_jessica, uniq_natasha
D:3:      layout_basic, uniq_sigmund, uniq_terence
D:4:      layout_loops_cross, minitemple
D:5:      layout_loops_ring, lemuel_crystal_altar
D:6:      layout_basic, dancing_weapons_uskayaw, minmay_temple_entry_wispy,
          basic_altar
D:7:      layout_rooms, lemuel_coloured_pillars_altar, grunt_livestock,
          chequers_decorated_corner, cheibrodos_worm_habitat
D:8:      layout_basic, minmay_lair_entry_grove, basic_altar,
          lemuel_blue_sif_altar, uniq_maurice, uniq_gastronok, uniq_joseph
